 Dungeon Crawl Stone Soup version 0.30.1-9-gdf580d7c3d (webtiles) character file.

Game seed: 1315615837034312759

5634 lonewolfV2 the Fighter (level 10, -10/72 (97) HPs)
             Began as a Demonspawn Chaos Knight on Oct 24, 2023.
             Was a Plaything of Xom.
             Mangled by an ice devil (18 damage)
             ... summoned by Xom
             ... on level 9 of the Dungeon.
             The game lasted 00:18:14 (9747 turns).

lonewolfV2 the Fighter (Demonspawn Chaos Knight)    Turns: 9747, Time: 00:18:14

HP:   -10/72 (97)   AC: 20    Str: 20    XL:     10   Next: 46%
MP:   0/19          EV:  8    Int: 17    God:    Xom [......]
Gold: 625           SH:  0    Dex: 10    Spells: 9/9 levels left

rFire   . . .        h - +2 hand axe (elec)
rCold   . . .        (no shield)
rNeg    . . .        o - +4 chain mail
rPois   +            (no helmet)
rElec   .            g - +0 cloak
rCorr   +            B - +1 pair of gloves
SInv    .            (no boots)
Will    .....        x - amulet of guardian spirit Stlth
                     f - ring of resist corrosion
HPRegen 0.32/turn    u - ring of magical power
MPRegen 0.16/turn

%: guardian spirit
@: sanguine armoured, very heavily drained
A: foul stench 3, sanguine armour 2, clever 1, deformed body, sense surroundings
1, poison resistance, robust 1, strong 1, no potion heal 1, MP-powered wands
a: Renounce Religion


You were on level 9 of the Dungeon.
You worshipped Xom.
You were a very special plaything of Xom.
You visited 1 branch of the dungeon, and saw 9 of its levels.

You collected 625 gold pieces.

Inventory:

Hand Weapons
 a - a +0 hand axe of chaos
 e - a +1 spectral quarterstaff
 h - a +2 hand axe of electrocution (weapon)
Missiles
 t - a throwing net
Armour
 b - a +2 leather armour
 g - a +0 cloak (worn)
 l - a +0 plate armour
 o - a +4 chain mail (worn)
 B - a +1 pair of gloves (worn)
Jewellery
 d - a ring of wizardry
 f - a ring of resist corrosion (left hand)
 p - a ring of ice
 u - a ring of magical power (right hand)
 x - an amulet of guardian spirit (around neck)
 E - a +6 ring of intelligence
Wands
 q - a wand of flame (32)
 A - a wand of digging (7)
 D - a wand of charming (9)
Scrolls
 n - 4 scrolls of teleportation
 y - a scroll of noise
 G - a scroll of poison
Potions
 i - a potion of lignification {unknown}
 j - a potion of cancellation {unknown}
 k - 3 potions of flight
 m - 6 potions of curing
 r - 2 potions of mutation {unknown}
 s - 3 potions of ambrosia {unknown}
 v - 2 potions of might {unknown}
 w - a potion of degeneration {unknown}
 z - a potion of heal wounds
 C - a potion of haste {unknown}
Miscellaneous
 c - a piece from Xom's chessboard (15/15) (quivered)


   Skills:
 + Level 12.1 Fighting
 * Level 9.9 Axes
 - Level 1.2 Staves
 - Level 1.7 Armour
 - Level 0.8 Dodging


You had 9 spell levels left.
You didn't know any spells.
Your spell library contained the following spells:

 Spells                   Type           Power      Damage    Failure   Level
 Apportation              Tloc           0%         N/A       89%         1
 Kiss of Death            Conj/Necr      0%         2d5       89%         1
 Magic Dart               Conj           0%         1d3       89%         1
 Necrotise                Necr           0%         1d4       89%         1
 Sandblast                Erth           0%         2d4       89%         1
 Summon Small Mammal      Summ           0%         N/A       89%         1
 Blink                    Tloc           0%         N/A       96%         2
 Call Imp                 Summ           0%         N/A       96%         2
 Cigotuvi's Dreadful Rot  Necr/Pois/Air  0%         N/A       96%         2
 Call Canine Familiar     Summ           0%         N/A       99%         3
 Inner Flame              Hex/Fire       0%         N/A       99%         3
 Mephitic Cloud           Conj/Pois/Air  0%         N/A       99%         3
 Summon Guardian Golem    Hex/Summ       0%         N/A       99%         3
 Vhi's Electric Charge    Tloc/Air       0%         N/A       99%         3
 Anguish                  Hex/Necr       0%         N/A       100%        4
 Animate Armour           Summ/Erth      0%         N/A       100%        4
 Leda's Liquefaction      Hex/Erth       0%         N/A       100%        4
 Manifold Assault         Tloc           0%         N/A       100%        4
 Petrify                  Tmut/Erth      0%         N/A       100%        4
 Alistair's Intoxication  Tmut/Pois      0%         N/A       100%        5
 Arcjolt                  Conj/Air       0%         1d10      100%        5
 Borgnjor's Vile Clutch   Necr/Erth      0%         N/A       100%        5
 Yara's Violent Unravell  Hex/Tmut       0%         3d3       100%        5
 Enfeeble                 Hex            0%         N/A       100%        7
 Storm Form               Tmut/Air       0%         N/A       100%        7
 Infestation              Necr           0%         N/A       100%        8
 Maxwell's Capacitive Co  Air            0%         ∞         100%        8


Dungeon Overview and Level Annotations

Branches:
Dungeon (9/15)             Temple (0/1) D:7
   Lair: D:8-11         Orc: D:9-12

Altars:
Fedhas
Okawaru
Ru
Sif Muna
Vehumet
Xom

Shops:
D:5 (

Annotations:
D:3 exclusion: oklob plant
D:4 3 runed translucent doors, kaesle's ghost, amateur HOFi


Innate Abilities, Weirdness & Mutations

You frequently emit foul miasma when damaged in melee.
When seriously injured, your blood forms thick armour. (AC +9)
Your mind is acute. (Int +4, Str/Dex -1)
Armour fits poorly on your strangely shaped body.
You passively map a small area around you.
Your system is resistant to poisons. (rPois)
You are robust. (+10% HP)
Your muscles are strong. (Str +4, Int/Dex -1)
Potions are less effective at restoring your health.
You expend magic power (3 MP) to strengthen your wands.


Message History

The ufetubus hits you but does no damage.
The ufetubus closely misses you.
The quasit bites you but does no damage.
The quasit claws you but does no damage. x2
The quasit barely misses you.
The quasit claws you but does no damage. x2
You hit the ice devil but do no damage.
Lightning courses through the ice devil!
The ice devil is heavily wounded.
You closely miss the sun demon. You hit the smoke demon.
Lightning courses through the smoke demon!
You miss the quasit. You closely miss the ufetubus. You hit the quasit.
The sun demon barely misses you.
The ufetubus hits you but does no damage.
The ufetubus hits you.
You emit a cloud of foul miasma!
The ice devil hits you!
Your blood congeals into armour.
The ice devil freezes you!! The smoke demon gestures at you. Xom smites you!
* * * LOW HITPOINT WARNING * * *
The quasit barely misses you.
The quasit claws you but does no damage. x2
The quasit bites you but does no damage.
The quasit claws you but does no damage.
The quasit barely misses you.
Your system partially rejects the healing.
You feel much better.
The ufetubus hits you but does no damage. x2
The sun demon hits you!
* * * LOW HITPOINT WARNING * * *
You are engulfed in flames!
* * * LOW HITPOINT WARNING * * *
You emit a cloud of foul miasma!
The quasit bites you but does no damage.
The quasit claws you but does no damage. x2
The smoke demon hits you but does no damage. x2
The smoke demon barely misses you. The ice devil hits you.
* * * LOW HITPOINT WARNING * * *
The ice devil freezes you!!
You die...
Xom is highly amused!

,.......<##......,,
#######.#...## # ,
#......#.#
###....#.# , ,
##.....# ,,
#.#.####. ,
#######........ , ,
, ,......355......
, * #######@5.###..
......34.....<.
#######...###.. * ,
##?## * ,, .# , ,,
.. ,, .. *.#. , ,


You could see a sun demon (summoned), an ice devil (summoned), a smoke demon
(summoned), 2 quasits and an ufetubus (summoned).

Vanquished Creatures
  A deep elf pyromancer (D:7)
  A hornet (D:5)
  2 wyverns (D:7)
  6 yaks (D:6)
  A steam dragon (D:6)
  Menkaure (D:5)
  3 water moccasins
  4 black bears
  An ice beast (D:7)
  2 ogres
  2 centaurs (D:8)
  A phantom (D:7)
  4 kobold brigands
  A bullfrog (D:8)
  5 scorpions
  2 wyvern zombies (D:7)
  12 wights
  A howler monkey (D:8)
  2 quasits (D:6)
  A centaur zombie (D:7)
  2 jellies (D:5)
  3 orc priests
  A hound (D:5)
  2 sleepcaps
  3 iguanas
  6 orc wizards
  A killer bee zombie (D:7)
  14 gnolls
  11 adders
  A river rat (D:3)
  4 shadow imps
  6 ufetubi
  A worm (D:2)
  A dart slug (D:3)
  20 orcs
  5 ball pythons
  6 endoplasms
  3 giant cockroaches
  16 goblins
  10 hobgoblins
  11 jackals
  9 quokkas
  2 bats
  6 frilled lizards
  23 kobolds
  7 rats
227 creatures vanquished.

Notes
Turn   | Place    | Note
-------+----------+-------------------------------------------
     0 | D:1      | lonewolfV2 the Demonspawn Chaos Knight began the quest for
                  | the Orb.
     0 | D:1      | Reached XP level 1. HP: 18/18 MP: 1/1
    94 | D:1      | XOM: potion effect (invisibility)
   229 | D:1      | XOM: enchant monster (good)
   271 | D:1      | XOM: divination: detect items
   293 | D:1      | Gained mutation: You may rarely emit foul miasma when
                  | damaged in melee. [demonic ancestry]
   293 | D:1      | Reached XP level 2. HP: 24/24 MP: 2/2
   447 | D:1      | XOM: god gift: 42 gold pieces
   563 | D:1      | XOM: smoke on damage
   572 | D:1      | Reached skill level 1 in Staves
   762 | D:1      | XOM: god gift: glowing hand axe {god gift}
   927 | D:2      | Reached XP level 3. HP: 29/30 MP: 3/3
   932 | D:2      | Reached skill level 4 in Fighting
  1049 | D:2      | XOM is BORED!
  1049 | D:2      | XOM: 1-stop teleportation journey
  1061 | D:2      | XOM: cloud trail
  1114 | D:2      | Got the Information on Topomancy
  1605 | D:2      | Identified the +0 robe "Kirad" {Dex-2 Slay+5}
  1629 | D:2      | Reached XP level 4. HP: 32/38 MP: 4/4
  2089 | D:3      | Found a radiant altar of Vehumet.
  2100 | D:3      | Reached skill level 5 in Fighting
  2100 | D:3      | Gained mutation: You sometimes emit foul miasma when
                  | damaged in melee. [demonic ancestry]
  2100 | D:3      | Reached XP level 5. HP: 43/44 MP: 5/5
  2233 | D:3      | XOM: 8-stop teleportation journey
  2239 | D:3      | XOM: god gift: long sword {god gift}
  2255 | D:3      | Found an iron altar of Okawaru.
  2318 | D:3      | Found a sacrificial altar of Ru.
  2717 | D:3      | Found a blossoming altar of Fedhas.
  2750 | D:3      | Noticed an oklob plant
  2860 | D:4      | XOM: confuse monster(s)
  2929 | D:4      | XOM: scenery: 2 doors open
  2939 | D:4      | Reached XP level 6. HP: 43/52 MP: 6/6
  3272 | D:4      | XOM: divination: detect items
  3404 | D:4      | Reached skill level 6 in Fighting
  3434 | D:4      | XOM: potion effect (attraction)
  3597 | D:4      | Noticed a water moccasin
  3597 | D:4      | XOM: cleaving
  3604 | D:4      | Killed a water moccasin
  3718 | D:4      | Gained mutation: You frequently emit foul miasma when
                  | damaged in melee. [demonic ancestry]
  3718 | D:4      | Reached XP level 7. HP: 48/59 MP: 7/7
  3750 | D:4      | XOM: 3-stop teleportation journey
  3793 | D:4      | Found a runed translucent gate.
  3793 | D:4      | Found a runed translucent gate.
  3793 | D:4      | Found a runed translucent gate.
  3794 | D:4      | Noticed kaesle's ghost (amateur HOFi)
  3888 | D:4      | XOM: polymorph goblin -> gnoll
  3891 | D:4      | XOM: divination: magic mapping
  3892 | D:4      | XOM: blink monster(s)
  3900 | D:4      | Reached skill level 7 in Fighting
  4043 | D:4      | XOM: torment (25/60 hp)
  4134 | D:4      | XOM: silly message
  4354 | D:4      | Found a shimmering altar of Xom.
  4525 | D:5      | Entered Level 5 of the Dungeon
  4829 | D:5      | XOM: potion effect (brilliance)
  4835 | D:5      | Noticed Menkaure
  4838 | D:5      | XOM: potion effect (attraction)
  4843 | D:5      | Reached skill level 5 in Axes
  4844 | D:5      | XOM: divination: detect creatures
  4853 | D:5      | Killed Menkaure
  4854 | D:5      | Reached skill level 8 in Fighting
  4854 | D:5      | Gained mutation: When seriously injured, your blood forms
                  | armour. (AC +9) [demonic ancestry]
  4854 | D:5      | Reached XP level 8. HP: 47/68 MP: 8/8
  4951 | D:5      | Noticed a hornet
  4957 | D:5      | Paralysed by a hornet for 3 turns
  4958 | D:5      | Killed a hornet
  5103 | D:5      | Reached skill level 9 in Fighting
  5175 | D:5      | XOM: divination: detect creatures
  5577 | D:5      | XOM: divination: detect items
  5668 | D:5      | Found Pybaliev's Weapon Boutique.
  5705 | D:5      | XOM: divination: detect creatures
  5728 | D:5      | XOM: silly message
  5784 | D:5      | XOM: silly message
  5865 | D:6      | XOM: enchant monster (bad)
  6027 | D:6      | XOM: god gift: 50 gold pieces
  6069 | D:6      | Reached skill level 10 in Fighting
  6073 | D:6      | Gained mutation: When seriously injured, your blood forms
                  | thick armour. (AC +9) [demonic ancestry]
  6073 | D:6      | Reached XP level 9. HP: 44/78 MP: 9/9
  6077 | D:6      | XOM: confusion
  6080 | D:6      | XOM: divination: detect creatures
  6337 | D:6      | XOM: god gift: Waerr's Precepts of the Undead {god gift}
  6349 | D:6      | Reached skill level 11 in Fighting
  6354 | D:6      | Got Waerr's Precepts of the Undead {god gift}
  6684 | D:6      | XOM: give mutations
  6684 | D:6      | Gained mutation: Armour fits poorly on your strangely
                  | shaped body. [Xom's mischief]
  6684 | D:6      | Gained mutation: You occasionally lose the ability to read
                  | scrolls when taking damage. [Xom's mischief]
  6688 | D:6      | XOM: give mutations
  6688 | D:6      | Gained mutation: You are robust. (+10% HP) [Xom's grace]
  6688 | D:6      | Gained mutation: You passively map a small area around you.
                  | [Xom's grace]
  6688 | D:6      | Gained mutation: Your system is resistant to poisons.
                  | (rPois) [Xom's grace]
  6913 | D:7      | XOM: divination: detect creatures
  6915 | D:7      | XOM: summons friendly shadow imp
  7219 | D:7      | XOM: swap monsters
  7311 | D:7      | XOM: smoke on damage
  7468 | D:7      | XOM: god gift: 34 gold pieces
  7537 | D:7      | Found a staircase to the Ecumenical Temple.
  7645 | D:7      | XOM: divination: detect items
  7651 | D:7      | XOM: potion effect (magic)
  7699 | D:7      | XOM: silly message
  7708 | D:7      | XOM: 7-stop teleportation journey
  7921 | D:7      | XOM: 2-stop teleportation journey
  7936 | D:7      | Found a shimmering blue altar of Sif Muna.
  7943 | D:7      | Noticed a deep elf pyromancer
  7949 | D:7      | XOM: confuse monster(s)
  7959 | D:7      | Killed a deep elf pyromancer
  7960 | D:7      | Reached XP level 10. HP: 91/97 MP: 10/10
  8451 | D:8      | XOM: divination: detect items
  8821 | D:8      | XOM: potion effect (magic)
  8824 | D:8      | Reached skill level 12 in Fighting
  8828 | D:8      | XOM: silly message
  8862 | D:8      | XOM: silly message
  8934 | D:8      | XOM: give mutations
  8934 | D:8      | Gained mutation: You are strong-willed. (Will+) [Xom's
                  | grace]
  8934 | D:8      | Gained mutation: You have very sharp teeth. [Xom's grace]
  9172 | D:8      | XOM: 2-stop teleportation journey
  9266 | D:8      | XOM: draining
  9293 | D:8      | XOM: silly message
  9331 | D:8      | XOM: give mutations
  9331 | D:8      | Gained mutation: Your mind is acute. (Int +4, Str/Dex -1)
                  | [Xom's mischief]
  9331 | D:8      | Gained mutation: Potions are less effective at restoring
                  | your health. [Xom's mischief]
  9331 | D:8      | Lost mutation: You occasionally lose the ability to read
                  | scrolls when taking damage. [Xom's mischief]
  9331 | D:8      | Lost mutation: You are strong-willed. (Will+) [Xom's
                  | mischief]
  9334 | D:8      | XOM: give mutations
  9334 | D:8      | Lost mutation: You have very sharp teeth. [Xom's mischief]
  9334 | D:8      | Gained mutation: You expend magic power (3 MP) to
                  | strengthen your wands. [Xom's mischief]
  9334 | D:8      | Gained mutation: Your muscles are strong. (Str +4, Int/Dex
                  | -1) [Xom's mischief]
  9719 | D:8      | XOM is BORED!
  9719 | D:8      | XOM: draining
  9743 | D:9      | XOM: summons 6 hostile demons
  9744 | D:9      | Noticed a smoke demon
  9744 | D:9      | Noticed a sun demon
  9747 | D:9      | Mangled by an ice devil

Illustrated notes

Levels and vault maps discovered:
D:1:      nzn_arrival_depleted_hourglass, layout_loops_ring
D:2:      layout_basic
D:3:      layout_loops_ring, tgw_fedhas, mainiacjoe_overflow_alcove_1,
          mainiacjoe_overflow_alcove_2, vehumet_altar_wand_db,
          gup_sewer_entry_spiral
D:4:      minmay_chambers_of_threes, layout_basic, tgw_xom,
          gammafunk_ghost_nasty_kobolds, minmay_ogre_servants
D:5:      layout_basic, serial_shops, nicolae_shop_waterfront, uniq_menkaure
D:6:      minmay_klotski, layout_loops_ring, serial_demonic, serial_demonic_c,
          serial_demonic_f, serial_demonic_a, serial_demonic_f
D:7:      layout_gridville, mainiacjoe_overflow_boulevard,
          minmay_temple_entry_mist, serial_undead, serial_undead_b,
          serial_undead_b, serial_undead_a, serial_undead_e, serial_undead_e
D:8:      layout_cave_pods
D:9:      layout_loops_ring, kennysheep_slug_shrine, serial_shops,
          nicolae_take_the_stairs, hellmonk_ghost_happy_afterlife

Skill      XL: |  1  2  3  4  5  6  7  8  9 10 |
---------------+-------------------------------+-----
Staves         | 1 |  1.2
Fighting       | 4 5 6 8 10 11 12 | 12.1
Axes           | 3 4 5 6 8 9 |  9.9
Armour         | |  1.7
Dodging        | |  0.8

Action                     |  1- 3 |  4- 6 |  7- 9 | 10-12 || total
---------------------------+-------+-------+-------+-------++-------
  Melee: Quarterstaff      |    37 |       |       |       ||    37
         Hand axe          |    40 |   161 |   314 |   107 ||   622
         Punch             |     1 |     4 |     4 |       ||     9
  Evoke: Piece from Xom's  |       |       |     5 |       ||     5
    Use: Scroll            |     1 |     3 |     8 |     1 ||    13
         Potion            |       |       |     1 |     1 ||     2
   Stab: Invisible         |     2 |       |       |       ||     2
         Sleeping          |     1 |       |       |       ||     1
         Confused          |       |     2 |     1 |       ||     3
 Armour: Leather armour    |    25 |       |       |       ||    25
         Plate armour      |       |    37 |       |       ||    37
         Chain mail        |       |    92 |   211 |    96 ||   399
  Dodge: Dodged            |    47 |    70 |   110 |    65 ||   292
